 Dungeon Crawl Stone Soup version 0.23.2-1-ga50397a6bc (webtiles) character file.

Game seed: 2468814568193625511

58 OneEyedShark the Skirmisher (level 3, 0/33 HPs)
             Began as a Minotaur Fighter on May 28, 2019.
             Slain by an orc
             ... wielding a +0 whip
              (1 damage)
             ... on level 2 of the Dungeon.
             The game lasted 00:02:01 (570 turns).

OneEyedShark the Skirmisher (Minotaur Fighter)       Turns: 570, Time: 00:02:03

Health: 0/33       AC:  7    Str: 25    XL:     3   Next: 75%
Magic:  2/2        EV:  8    Int:  5    God:
Gold:   64         SH: 10    Dex: 10    Spells: 2/2 levels left

rFire    . . .     SeeInvis .   a - +0 flail
rCold    . . .     Gourm    .   c - +0 shield
rNeg     . . .     Faith    .   b - +0 scale mail
rPois    .         Spirit   .   (helmet restricted)
rElec    .         Reflect  .   (no cloak)
rCorr    .         Harm     .   (no gloves)
MR       .....                  (no boots)
Stlth    ..........             (no amulet)
HPRegen  0.11/turn              (no ring)
MPRegen  0.08/turn              (no ring)

@: mighty
A: retaliatory headbutt, horns 2
a: no special abilities


You were on level 2 of the Dungeon.
You were not hungry.

You visited 1 branch of the dungeon, and saw 2 of its levels.

You collected 64 gold pieces.

Inventory:

Hand Weapons
 a - a +0 flail (weapon)
Armour
 b - a +0 scale mail (worn)
 c - a +0 shield (worn)
Jewellery
 h - an uncursed amulet of faith
Scrolls
 e - a scroll of random uselessness {unknown}
 k - a scroll of noise {unknown}
 l - a scroll of magic mapping {unknown}
 m - a scroll of amnesia {unknown}
Potions
 i - a potion of flight {unknown}
 j - a potion of curing {unknown}
Comestibles
 f - 2 rations
 g - 4 chunks of flesh


   Skills:
 + Level 4.1 Fighting
 + Level 3.1 Maces & Flails
 + Level 4.1 Armour
 + Level 1.4 Dodging
 + Level 4.1 Shields


You had 2 spell levels left.
You didn't know any spells.
Your spell library was empty.

Dungeon Overview and Level Annotations

Branches:
Dungeon (2/15)

Altars:


Innate Abilities, Weirdness & Mutations

You reflexively headbutt those who attack you in melee.
You have a pair of horns on your head.


Message History

The orc wizard barely misses you. You furiously retaliate!
You headbutt the orc wizard. The orc barely misses you.
The orc hits you but does no damage. The orc closely misses you.
The orc hits you from afar with a +0 trident.
* * * LOW HITPOINT WARNING * * *
You feel very mighty all of a sudden. You block the orc's attack.
The orc wizard hits you but does no damage.
The orc priest completely misses you. You furiously retaliate!
You headbutt the orc priest! The orc barely misses you.
You furiously retaliate!
You headbutt the orc! You block the orc's attack. The orc barely misses you.
You sock the orc wizard! Your headbutt misses the orc wizard.
The orc wizard is severely wounded.
You block the orc's attack. You block the orc wizard's attack.
You block the orc priest's attack. The orc hits you with a +0 club.
* * * LOW HITPOINT WARNING * * *
The orc barely misses you. The orc closely misses you.
The orc hits you with a +0 whip.
You die...

###........#..........####.###
.......(....#...###............
####.##.#÷#####.......÷.....# #
#.....#...####.#.###..#
#####.#.#.. ........<.#
#...#.#########...#
##.##........ ##..#
#.##oo8...8. #... #.o@o)......
#..## ###oo....... #..#
#......... #.## ##..8...8. #.#
#........ #.####### #.. ###


You could see an orc priest, an orc wizard and 4 orcs.

Vanquished Creatures
  An orc wizard (D:2)
  An adder (D:2)
  3 giant cockroaches (D:1)
  2 goblins (D:1)
  3 hobgoblins (D:1)
  3 kobolds
  9 rats
22 creatures vanquished.

Notes
Turn   | Place    | Note
-------+----------+-------------------------------------------
     0 | D:1      | OneEyedShark the Minotaur Fighter began the quest for the
                  | Orb.
     0 | D:1      | Reached XP level 1. HP: 19/19 MP: 0/0
   181 | D:1      | Reached XP level 2. HP: 27/27 MP: 1/1
   557 | D:2      | Reached skill level 1 in Dodging
   557 | D:2      | Reached XP level 3. HP: 33/33 MP: 2/2
   570 | D:2      | HP: 1/33 [orc/+0 club (1)]
   570 | D:2      | Slain by an orc

Skill      XL: |  1  2  3 |
---------------+----------+-----
Fighting       | 4 |  4.1
Dodging        | 1 |  1.4
Shields        | 4 |  4.1
Maces & Flails | 3 |  3.1
Armour         | 4 |  4.1

Action                   || total
-------------------------++-------
Melee: Flail             ||    40
       Headbutt          ||     2
  Use: Potion            ||     1
Armor: Scale mail        ||    19
Dodge: Dodged            ||    23
Block: Shield            ||    27
